[Event "Titled Tuesday Blitz February 14 Late 2023"]
[White "Madaminov, Mukhiddin"]
[Black "Maksimovic, Bojan"]
[WhiteFideId "14210703"]
[BlackFideId "14408120"]
[WhiteElo "2422"]
[BlackElo "2486"]
[Result "1-0"]
[Round "09"]
[TimeControl "180+2"]
[Date "2023.02.14"]
[WhiteClock "0:00:05"]
[BlackClock "0:00:02"]

1. d4 Nf6 2. Nc3 g6 3. e4 d5 4. e5 Ne4 5. Nxe4 dxe4 6. f4 Bf5 7. Be3 h5 8. c4 e6 9. Ne2 Nc6 10. a3 f6 11. Nc3 fxe5 12. dxe5 g5 13. fxg5 Bg7 14. Be2 Qxd1+ 15. Rxd1 Nxe5 16. Nb5 O-O 17. O-O Nd3 18. Bxh5 Nxb2 19. Rd7 Nxc4 20. Bc5 Rfd8 21. Rxc7 Be5 22. Rxb7 Rd5 23. Bf7+ Kh8 24. Rxf5 Rxc5 25. Bxe6 Rxb5 26. Rxb5 Bd4+ 27. Kf1 Nd6 28. Rbd5 Nxf5 29. Bxf5 Bb2 30. Bxe4 Bxa3 31. Ra5 Rf8+ 32. Ke2 Bc1 33. g3 Re8 34. Kf3 Re7 35. h4 Bd2 36. Ra6 Rf7+ 37. Kg4 Be1 38. Rh6+ Kg7 39. Rh7+ Kf8 40. Rxf7+ Kxf7 41. h5 a5 42. Bd5+ Kg7 43. h6+ Kg6 44. Be4+ Kf7 45. Kf5 Bxg3 46. g6+ Ke7 47. g7 a4 48. g8=Q 1-0


[Site "https://www.chess.com"]

[Event "Titled Tuesday Blitz February 14 Late 2023"]
[White "Fernandez Guillen, Ernesto J."]
[Black "Li, Ruifeng"]
[WhiteFideId "3512428"]
[BlackFideId "2061074"]
[WhiteElo "2477"]
[BlackElo "2541"]
[Result "0-1"]
[Round "09"]
[TimeControl "180+2"]
[Date "2023.02.14"]
[WhiteClock "0:00:13"]
[BlackClock "0:00:05"]

1. e4 d6 2. d4 Nf6 3. Nc3 Nc6 4. f3 e5 5. dxe5 Nxe5 6. Be3 Be7 7. Qd2 c6 8. O-O-O Qa5 9. g4 h6 10. Kb1 b5 11. Nd5 Qxd2 12. Nxf6+ Bxf6 13. Rxd2 Ke7 14. b3 Bb7 15. h3 a5 16. f4 Nd7 17. Bg2 Bc3 18. Rd3 b4 19. Nf3 a4 20. Bd2 axb3 21. cxb3 Nc5 22. Re3 Bxd2 23. Nxd2 Ne6 24. e5 d5 25. f5 Nd4 26. f6+ Kf8 27. Rf1 Nb5 28. fxg7+ Kxg7 29. e6 Nc3+ 30. Kc1 fxe6 31. Rxe6 Rhe8 32. Rff6 Rxe6 33. Rxe6 Bc8 34. Rxc6 Nxa2+ 35. Kc2 Nc3 36. Rc7+ Kf6 37. Kd3 Ba6+ 38. Kd4 Nb5+ 39. Kxd5 Nxc7+ 40. Kd6 Rd8+ 41. Kxc7 Rxd2 42. Be4 Bd3 43. Bd5 Bc2 44. Bc4 Rg2 45. Kb6 Rg3 46. Kc5 Bxb3 47. Bb5 Bc2 48. Kxb4 Rb3+ 49. Kc4 Rb2 50. Bc6 Bb3+ 51. Kc3 Rc2+ 52. Kxb3 Rxc6 0-1


[Site "https://www.chess.com"]

[Event "Titled Tuesday Blitz February 14 Late 2023"]
[White "Pichot, Alan"]
[Black "Gutenev, Alexander"]
[WhiteFideId "110973"]
[BlackFideId "4195540"]
[WhiteElo "2638"]
[BlackElo "2455"]
[Result "1-0"]
[Round "09"]
[TimeControl "180+2"]
[Date "2023.02.14"]
[WhiteClock "0:00:07"]
[BlackClock "0:00:02"]

1. Nf3 Nf6 2. c4 g6 3. b3 Bg7 4. Bb2 O-O 5. g3 c6 6. Bg2 d5 7. O-O Bg4 8. d3 Bxf3 9. Bxf3 Nbd7 10. Nd2 e6 11. Qc2 Re8 12. e3 a5 13. a3 b5 14. cxb5 cxb5 15. Rac1 Rc8 16. Qb1 Qb6 17. b4 axb4 18. axb4 Bf8 19. Bc3 Qd6 20. Qb2 e5 21. Nb3 h5 22. Rfd1 Qe6 23. Bg2 Nb6 24. Be1 Na4 25. Qb1 h4 26. Nc5 Nxc5 27. bxc5 h3 28. Bf1 Rxc5 29. Rxc5 Bxc5 30. Qxb5 Bf8 31. Rc1 Qf5 32. Rc6 Ra8 33. Ra6 Rc8 34. Qb2 Re8 35. Bxh3 Qxh3 36. Rxf6 Bg7 37. Rb6 d4 38. Rb8 Rxb8 39. Qxb8+ Kh7 40. exd4 exd4 41. Qf4 Qe6 42. Qe4 Qa2 43. Kg2 Qc2 44. Bb4 Bf6 45. Bd6 Bg7 46. h4 Qd1 47. Bc5 Qa4 48. h5 Bf6 49. hxg6+ fxg6 50. Bd6 Qd7 51. Bf4 Kg7 52. Qf3 Kh7 53. Bd2 Bg7 54. g4 Qe6 55. Qe4 Qd7 56. Bg5 Qd6 57. Bf4 Qd7 58. Bg3 Qd8 59. f4 Qd7 60. f5 Kg8 61. fxg6 Qb5 62. Qe6+ Kf8 63. Qf7# 1-0


[Site "https://www.chess.com"]

[Event "Titled Tuesday Blitz February 14 Late 2023"]
[White "Firat, Burak"]
[Black "Boros, Denes"]
[WhiteFideId "6305881"]
[BlackFideId "722340"]
[WhiteElo "2456"]
[BlackElo "2406"]
[Result "1-0"]
[Round "09"]
[TimeControl "180+2"]
[Date "2023.02.14"]
[WhiteClock "0:01:29"]
[BlackClock "0:00:22"]

1. Nf3 g6 2. c4 Bg7 3. g3 f5 4. Bg2 Nf6 5. O-O O-O 6. Nc3 d6 7. d3 Nc6 8. Rb1 Nd7 9. Bd2 Nce5 10. b4 Nxf3+ 11. Bxf3 a6 12. a4 Kh8 13. b5 axb5 14. axb5 Ne5 15. Bg2 e6 16. Qc2 g5 17. Ra1 Rxa1 18. Rxa1 f4 19. Ra8 Qe7 20. Ne4 b6 21. d4 Ng6 22. e3 f3 23. Bf1 g4 24. Bb4 Bb7 25. Ra7 Rb8 26. Bd3 Qd8 27. Nd2 Ne7 28. Bxh7 Ra8 29. Rxb7 Ra1+ 30. Nf1 Qc8 31. Bxd6 Nf5 32. Rxc7 Qa8 33. Bxf5 exf5 34. Qd3 Rc1 35. Be5 Bxe5 36. dxe5 Qg8 37. e6 1-0


[Site "https://www.chess.com"]

[Event "Titled Tuesday Blitz February 14 Late 2023"]
[White "Boyer, Mahel"]
[Black "Baskakov, Egor"]
[WhiteFideId "45102422"]
[BlackFideId "24197866"]
[WhiteElo "2489"]
[BlackElo "2215"]
[Result "0-1"]
[Round "09"]
[TimeControl "180+2"]
[Date "2023.02.14"]
[WhiteClock "0:00:01"]
[BlackClock "0:00:38"]

1. d4 Nf6 2. c4 e6 3. Nc3 d5 4. cxd5 Nxd5 5. Nf3 Be7 6. g3 O-O 7. Bg2 b6 8. Nxd5 exd5 9. O-O Bb7 10. Bf4 Bd6 11. Bxd6 Qxd6 12. Qc2 Nd7 13. Rac1 c5 14. dxc5 bxc5 15. Rfd1 Rac8 16. Qa4 a6 17. Qa3 Qb6 18. e3 Rc7 19. Ne1 Nf6 20. Nd3 Rfc8 21. Nf4 d4 22. Bxb7 Qxb7 23. exd4 cxd4 24. Rxc7 Rxc7 25. b3 Qf3 26. Rxd4 h6 27. Rd3 Qe4 28. Re3 Qb1+ 29. Kg2 g5 30. Nd5 Nxd5 31. Re8+ Kh7 32. Qd6 Qd3 33. Qe5 f6 34. Qe6 Rg7 35. h4 Nc7 0-1


[Site "https://www.chess.com"]

[Event "Titled Tuesday Blitz February 14 Late 2023"]
[White "Klose, Eli"]
[Black "Christiansen, Johan-Sebastian"]
[WhiteFideId "16242955"]
[BlackFideId "1512668"]
[WhiteElo "1519"]
[BlackElo "2579"]
[Result "1-0"]
[Round "09"]
[TimeControl "180+2"]
[Date "2023.02.14"]
[WhiteClock "0:00:20"]
[BlackClock "0:00:01"]

1. e4 e5 2. Nf3 Nc6 3. d4 exd4 4. Bc4 Nf6 5. O-O Nxe4 6. Re1 d5 7. Bxd5 Qxd5 8. Nc3 Qd7 9. Rxe4+ Be7 10. Nxd4 Nxd4 11. Rxd4 Qc6 12. Nd5 Bc5 13. Bf4 O-O 14. b4 Bd6 15. b5 Qc5 16. Bxd6 Qxd6 17. c4 Bf5 18. Ne3 Qe6 19. Qf3 Bg6 20. Qxb7 a6 21. Qxc7 axb5 22. cxb5 Rxa2 23. Rxa2 Qxa2 24. b6 Qb2 25. Rd8 Qb1+ 26. Nd1 f6 27. Rxf8+ Kxf8 28. Qd6+ Ke8 29. h3 Bc2 30. Qc6+ Kf8 31. Qc8+ Ke7 32. Qc7+ Kf8 33. b7 Qxd1+ 34. Kh2 Qd6+ 35. Qxd6+ 1-0


[Site "https://www.chess.com"]

[Event "Titled Tuesday Blitz February 14 Late 2023"]
[White "Ozen, Bahadir"]
[Black "Ibadov, Dashgyn"]
[WhiteFideId "6337058"]
[BlackFideId "24107514"]
[WhiteElo "2369"]
[BlackElo "2391"]
[Result "1-0"]
[Round "09"]
[TimeControl "180+2"]
[Date "2023.02.14"]
[WhiteClock "0:00:25"]
[BlackClock "0:01:45"]

1. d4 Nf6 2. c4 c5 3. d5 d6 4. Nc3 g6 5. e4 Bg7 6. Nf3 O-O 7. h3 e6 8. Be2 Re8 9. O-O exd5 10. exd5 Bf5 11. Bd3 Ne4 12. Bxe4 Bxe4 13. Nxe4 Rxe4 14. Qc2 Re8 15. Bg5 Qc7 16. Rae1 Nd7 17. b3 Ne5 18. Nxe5 Bxe5 19. Re2 Qd7 20. Rfe1 Kg7 21. Qd2 Bd4 22. Re7 Rxe7 23. Rxe7 Qf5 24. Bh6+ Kg8 25. Qe2 Be5 26. f4 Bd4+ 27. Kh2 Qc8 28. f5 Bf6 29. fxg6 hxg6 30. Re4 Be5+ 31. Rxe5 dxe5 32. Qxe5 f6 33. Qe7 1-0


[Site "https://www.chess.com"]

[Event "Titled Tuesday Blitz February 14 Late 2023"]
[White "Alvarez Calzadilla, Jose Avelino"]
[Black "Chigaev, Maksim"]
[WhiteFideId "3526151"]
[BlackFideId "4108116"]
[WhiteElo "2386"]
[BlackElo "2628"]
[Result "0-1"]
[Round "09"]
[TimeControl "180+2"]
[Date "2023.02.14"]
[WhiteClock "0:00:01"]
[BlackClock "0:00:02"]

1. e4 c5 2. Nf3 e6 3. d3 Nc6 4. g3 Nf6 5. Bg2 d6 6. O-O Be7 7. Re1 O-O 8. c3 e5 9. h3 h6 10. d4 exd4 11. cxd4 d5 12. e5 Ne4 13. Nc3 Bf5 14. Be3 Nxc3 15. bxc3 c4 16. g4 Be6 17. Nd2 b5 18. f4 b4 19. f5 bxc3 20. Nf3 Nb4 21. Bf1 Rc8 22. a3 Nd3 23. Bxd3 cxd3 24. Qxd3 Bd7 25. Qc2 Re8 26. Re2 Bf8 27. Rg2 Qb6 28. Qf2 c2 29. Rc1 Bxa3 30. g5 Bxc1 31. Bxc1 Bxf5 32. gxh6 Bg6 33. hxg7 Kxg7 34. Nh4 Rh8 35. Kh2 Rxh4 36. Qxh4 Rh8 37. Qf4 Qe6 38. Rg3 Rh5 39. Qf2 Kh7 40. Qd2 Qf5 41. Qg2 Qe4 42. Qf2 a5 43. Rf3 Kg8 44. Rc3 Rf5 0-1


[Site "https://www.chess.com"]

[Event "Titled Tuesday Blitz February 14 Late 2023"]
[White "Gharibyan, Mamikon"]
[Black "Janaszak, Dawid"]
[WhiteFideId "13308300"]
[BlackFideId "1119206"]
[WhiteElo "2500"]
[BlackElo "2316"]
[Result "1-0"]
[Round "09"]
[TimeControl "180+2"]
[Date "2023.02.14"]
[WhiteClock "0:00:16"]
[BlackClock "0:00:02"]

1. e4 c5 2. Nf3 Nc6 3. d4 cxd4 4. Nxd4 g6 5. g3 Bg7 6. Nb3 a5 7. a4 h5 8. h4 d6 9. Bg2 Bg4 10. Qd2 Ne5 11. Qe3 Nc4 12. Qd3 Nxb2 13. Bxb2 Bxb2 14. Ra2 Bg7 15. Qb5+ Qd7 16. O-O Qxb5 17. axb5 b6 18. e5 Rd8 19. exd6 Rxd6 20. N1d2 Be2 21. Rb1 Nf6 22. Bc6+ Nd7 23. Re1 Re6 24. Ra4 Kd8 25. Ne4 Bg4 26. Nd4 Re5 27. f3 Bf5 28. Rd1 Kc7 29. Nxf5 Nc5 30. Nxc5 Rxf5 31. Rd7+ Kb8 32. Na6+ Kc8 33. Re4 Re5 34. Ra7 Rxe4 35. Ra8# 1-0


[Site "https://www.chess.com"]

[Event "Titled Tuesday Blitz February 14 Late 2023"]
[White "Poliakova, Varvara"]
[Black "Samsonkin, Artiom"]
[WhiteFideId "13518313"]
[BlackFideId "13503111"]
[WhiteElo "2010"]
[BlackElo "2420"]
[Result "0-1"]
[Round "09"]
[TimeControl "180+2"]
[Date "2023.02.14"]
[WhiteClock "0:00:33"]
[BlackClock "0:00:36"]

1. e4 e6 2. d4 d5 3. e5 c5 4. c3 Nc6 5. Nf3 Qb6 6. a3 Nh6 7. b4 cxd4 8. cxd4 Nf5 9. Bb2 Bd7 10. g4 Nfe7 11. Nc3 h5 12. Na4 Qd8 13. g5 Nf5 14. Nc5 Bxc5 15. bxc5 Nce7 16. h4 O-O 17. Bd3 Bb5 18. O-O Bxd3 19. Qxd3 Ng6 20. Bc1 Ngxh4 21. Ne1 b6 22. Qe2 bxc5 23. dxc5 Qc7 24. Bf4 Ng6 25. Bh2 Qxc5 26. Qxh5 Rab8 27. Ng2 Rfc8 28. Nf4 Nxf4 29. Bxf4 g6 30. Qh2 Kg7 31. Rac1 Qxa3 32. Qg2 Qa4 33. Qh2 Rxc1 34. Bxc1 Rh8 35. Qg2 Nh4 36. Qg3 Qe4 37. f3 Qd4+ 38. Qf2 Nxf3+ 39. Kg2 Rh2+ 0-1


[Site "https://www.chess.com"]

[Event "Titled Tuesday Blitz February 14 Late 2023"]
[White "Bernadskiy, Vitaliy"]
[Black "Vovk, Orest"]
[WhiteFideId "14100371"]
[BlackFideId "14113490"]
[WhiteElo "2592"]
[BlackElo "2315"]
[Result "1-0"]
[Round "09"]
[TimeControl "180+2"]
[Date "2023.02.14"]
[WhiteClock "0:00:16"]
[BlackClock "0:00:01"]

1. Nc3 h6 2. f4 g5 3. fxg5 hxg5 4. e4 d6 5. d4 g4 6. Be3 Bh6 7. Qd2 Bxe3 8. Qxe3 Nc6 9. O-O-O e5 10. Bb5 exd4 11. Qxd4 Qf6 12. Bxc6+ bxc6 13. Qc4 Bd7 14. Nge2 Ne7 15. Kb1 Qe5 16. h3 gxh3 17. gxh3 Rxh3 18. Rhf1 Be6 19. Qa4 Kd7 20. Nd4 Rb8 21. Nd5 Nxd5 22. Qxc6+ Kd8 23. exd5 Bxd5 24. Qa4 c5 25. Rfe1 Re3 26. Rxe3 Qxe3 27. Qa5+ Kd7 28. Qxa7+ Rb7 29. Qa4+ Kc7 30. Nb5+ Kb8 31. Qa5 Qe8 32. a4 Qc6 33. Qd8+ Qc8 34. Qxd6+ 1-0


[Site "https://www.chess.com"]

[Event "Titled Tuesday Blitz February 14 Late 2023"]
[White "Nasuta, Grzegorz"]
[Black "Al-Tarboush, Ward"]
[WhiteFideId "1141686"]
[BlackFideId "7601450"]
[WhiteElo "2552"]
[BlackElo "2256"]
[Result "0-1"]
[Round "09"]
[TimeControl "180+2"]
[Date "2023.02.14"]
[WhiteClock "0:00:02"]
[BlackClock "0:00:36"]

1. e4 e5 2. Nf3 Nf6 3. d4 Nxe4 4. dxe5 d5 5. Nbd2 Nc6 6. Nxe4 dxe4 7. Qxd8+ Kxd8 8. Ng5 Nxe5 9. Bf4 h6 10. O-O-O+ Bd7 11. Nxe4 Ng6 12. Bg3 f5 13. Nc3 f4 14. Bd3 fxg3 15. Bxg6 gxf2 16. Ne4 Bd6 17. Nxd6 cxd6 18. Rhf1 Rf8 19. Rd2 Rf6 20. Be4 Kc7 21. Rdxf2 Raf8 22. Rxf6 Rxf6 23. Rxf6 gxf6 24. Kd2 b6 25. Ke3 Be6 26. a3 Kd7 27. Kf4 Ke7 28. g3 Kf7 29. c3 a5 30. b4 Ke7 31. Bf5 Bf7 32. bxa5 bxa5 33. Ke4 Kd8 34. Bg4 Ke7 35. Bf5 Kd8 36. Kd4 Kc7 37. Bg4 Kb6 38. Bf3 Kb5 39. Bd1 Be6 40. Bc2 Bf7 41. Bd1 Be6 42. a4+ Kb6 43. Bf3 Bb3 44. Bd5 Bxa4 45. Kc4 Bb5+ 46. Kb3 Kc5 47. Bf7 Bc6 48. Bg6 d5 49. Bh7 d4 50. cxd4+ Kxd4 51. Bf5 Ke3 52. Bg4 Kf2 53. Bf5 Kg2 54. h4 Kxg3 55. Be4 Bxe4 0-1


[Site "https://www.chess.com"]

[Event "Titled Tuesday Blitz February 14 Late 2023"]
[White "Lucassen, Mickey"]
[Black "Golubka, Petro"]
[WhiteFideId "12919110"]
[BlackFideId "14114224"]
[WhiteElo "2023"]
[BlackElo "2371"]
[Result "0-1"]
[Round "09"]
[TimeControl "180+2"]
[Date "2023.02.14"]
[WhiteClock "0:00:03"]
[BlackClock "0:00:14"]

1. e4 c5 2. Nf3 Nc6 3. d4 cxd4 4. Nxd4 e5 5. Nb5 d6 6. c4 a6 7. N5a3 Nf6 8. Nc3 Be7 9. Be2 O-O 10. Nc2 Be6 11. O-O Rc8 12. b3 Re8 13. Bb2 Bf8 14. Bf3 h6 15. Nd5 b5 16. Nce3 bxc4 17. Nxc4 Bxd5 18. exd5 Na5 19. Be2 Nxc4 20. Bxc4 a5 21. a4 Qb6 22. Qd2 Ne4 23. Qe2 Nc5 24. Qe3 Be7 25. Ba3 Bg5 26. Bxc5 Rxc5 27. Qe4 Re7 28. h4 Bf4 29. Bd3 g6 30. Bc4 f5 31. Qf3 h5 32. Kh1 Kg7 33. g3 Bd2 34. Qd3 Bb4 35. Rad1 e4 36. Qd4+ Kh7 37. Qf6 Qc7 38. Bb5 Bc3 39. Qg5 Bg7 40. Rfe1 Bh6 41. Qf6 Bg7 42. Qg5 Rf7 43. Qd2 Bh6 44. Qd4 Bg7 45. Qd2 Bc3 46. Qg5 Bxe1 47. Rxe1 Qe7 48. Qf4 Qf6 49. Bc4 Rd7 50. Rxe4 Qa1+ 51. Kh2 fxe4 52. Qxe4 Qg7 53. Qe6 Qf7 54. Qe4 Qxf2+ 55. Kh3 Qf7 56. Bd3 Re7 57. Qg4 hxg4+ 0-1


[Site "https://www.chess.com"]

[Event "Titled Tuesday Blitz February 14 Late 2023"]
[White "Oro, Faustino"]
[Black "Aldokhin, Ivan"]
[WhiteFideId "20000197"]
[BlackFideId "24115720"]
[WhiteElo "2269"]
[BlackElo "2413"]
[Result "1/2-1/2"]
[Round "09"]
[TimeControl "180+2"]
[Date "2023.02.14"]
[WhiteClock "0:00:09"]
[BlackClock "0:00:02"]

1. e4 c5 2. Nf3 e6 3. d4 cxd4 4. Nxd4 a6 5. Bd3 Qc7 6. O-O Nf6 7. Nc3 Bd6 8. h3 Nc6 9. Be3 Bf4 10. Qf3 g5 11. Nxc6 dxc6 12. Ne2 e5 13. g3 Bxh3 14. gxf4 Bg4 15. Qg3 Bxe2 16. fxg5 Bxf1 17. Rxf1 O-O-O 18. Qf3 Ne8 19. Qf5+ Kb8 20. f4 exf4 21. Bxf4 Nd6 22. Qf6 Ka8 23. Kh1 Rhe8 24. e5 Nc8 25. e6 Qb6 26. exf7 Rf8 27. Bxh7 Qb5 28. Bd3 Qd5+ 29. Kg1 Rxf7 30. Qc3 Rdf8 31. Be3 Rxf1+ 32. Bxf1 Qf3 33. Qd3 Qg3+ 34. Bg2 Nd6 35. Bc5 Qxd3 36. cxd3 Rd8 37. g6 Nf5 38. Be4 Ng7 39. Be7 Re8 40. Bf6 Nh5 41. Bc3 Rg8 42. Kf2 Nf4 43. g7 Nh5 44. Bh7 Rxg7 45. Bxg7 Nxg7 46. Ke3 Ne6 47. Bg8 Nc7 48. Kd4 Kb8 49. Kc5 Kc8 50. d4 Na8 51. Kd6 Nb6 52. b3 Na8 53. Be6+ Kb8 54. Kd7 Nb6+ 55. Kd8 Na8 56. b4 Ka7 57. a4 Kb6 58. Bb3 a5 59. bxa5+ Kxa5 60. Kc8 Kb6 61. Kd7 Ka6 62. Kd6 Nb6 63. Kc7 Na8+ 64. Kb8 Nb6 65. Bc2 Nd5 66. Bd3+ Kb6 67. a5+ Kxa5 68. Kxb7 Nb4 69. Bc4 Nc2 70. d5 cxd5 71. Bxd5 1/2-1/2


[Site "https://www.chess.com"]

[Event "Titled Tuesday Blitz February 14 Late 2023"]
[White "Alex_Sahakyan2006"]
[Black "Fiorito, Francisco"]
[BlackFideId "180165"]
[WhiteElo "2696"]
[BlackElo "2305"]
[Result "0-1"]
[Round "09"]
[TimeControl "180+2"]
[Date "2023.02.14"]
[WhiteClock "0:00:01"]
[BlackClock "0:00:23"]

1. c4 Nf6 2. Nc3 b6 3. e4 e5 4. Nf3 Nc6 5. d3 Bc5 6. Nxe5 Nxe5 7. d4 Bb4 8. dxe5 Nxe4 9. Qf3 Bb7 10. Bd2 Bxc3 11. Bxc3 O-O 12. Bd4 Qe7 13. O-O-O c5 14. Bc3 Qg5+ 15. Kb1 Qg6 16. Qd3 Nxf2 17. Qxg6 hxg6 18. Rxd7 Be4+ 19. Kc1 Nxh1 20. e6 Bf5 0-1


[Site "https://www.chess.com"]

[Event "Titled Tuesday Blitz February 14 Late 2023"]
[White "Sokolovsky, Yahli"]
[Black "benny_aizenberg"]
[WhiteFideId "2820242"]
[WhiteElo "2461"]
[BlackElo "2558"]
[Result "0-1"]
[Round "09"]
[TimeControl "180+2"]
[Date "2023.02.14"]
[WhiteClock "0:00:02"]
[BlackClock "0:00:05"]

1. b3 b6 2. Bb2 Bb7 3. Nf3 Nf6 4. e3 e6 5. d4 Be7 6. Bd3 O-O 7. c4 c5 8. dxc5 bxc5 9. Nbd2 Nc6 10. O-O d5 11. Rc1 d4 12. exd4 cxd4 13. a3 a5 14. c5 e5 15. Re1 Nd7 16. Qc2 g6 17. Be4 Nxc5 18. Bxc6 Bxc6 19. Nxe5 Bb7 20. Nd3 Ne6 21. Ne4 Qd5 22. Qc4 Qxc4 23. bxc4 Rfc8 24. Nd2 Rab8 25. Bxd4 Bxa3 26. Ra1 Nxd4 27. Rxa3 Nc2 28. Rxa5 Nxe1 29. Nxe1 Rd8 30. Ra2 Bc6 31. f3 Ra8 32. Rxa8 Bxa8 33. Nf1 Bb7 34. Kf2 Ba6 35. Ne3 Rd2+ 36. Kg3 Re2 37. N1c2 Bxc4 38. Nxc4 Rxc2 39. Ne3 Re2 40. Ng4 h5 41. Nf6+ Kg7 42. Ne4 f6 43. h4 Kf7 44. Kh3 Ke6 45. Ng3 Ra2 46. Ne4 Ke5 47. Kg3 Re2 48. Nc5 Kd4 49. Nd7 Re6 50. Nf8 Re7 51. Kf4 Re2 52. g3 Kd5 53. Nxg6 Ke6 54. g4 hxg4 55. fxg4 Ra2 56. h5 Ra4+ 57. Kf3 Kf7 58. Nf4 Kg7 59. Nd5 Rd4 60. Ne7 Rc4 61. Nf5+ Kh7 62. Kg3 Ra4 63. Kf3 Kg8 64. Kg3 Kf7 65. Kf3 Rb4 66. Ne3 Ke6 67. Ng2 Ke5 68. Nh4 Rb3+ 69. Kf2 Kf4 70. h6 Rh3 71. Ng2+ Kxg4 72. Ne3+ Kg5 73. Nd5 Rxh6 74. Nc3 f5 75. Ne2 Rc6 76. Nd4 Rc4 77. Ne6+ Kf6 78. Nf8 Rc7 0-1


[Site "https://www.chess.com"]

[Event "Titled Tuesday Blitz February 14 Late 2023"]
[White "Ehlvest, Jaan"]
[Black "Papasimakopoulos, Alexandros"]
[WhiteFideId "4500016"]
[BlackFideId "4244125"]
[WhiteElo "2530"]
[BlackElo "2401"]
[Result "1/2-1/2"]
[Round "09"]
[TimeControl "180+2"]
[Date "2023.02.14"]
[WhiteClock "0:00:06"]
[BlackClock "0:00:16"]

1. e4 e6 2. Qe2 c5 3. g3 Nc6 4. Bg2 g6 5. f4 Bg7 6. c3 Nge7 7. Nf3 d5 8. d3 b6 9. O-O a5 10. e5 Ba6 11. a4 b5 12. axb5 Bxb5 13. Na3 Ba6 14. Be3 d4 15. cxd4 cxd4 16. Bf2 O-O 17. Rfc1 Nb4 18. Nc4 Nec6 19. Ng5 h6 20. Ne4 Nd5 21. h4 h5 22. Nc5 Ncb4 23. Rxa5 Bxc4 24. Rxa8 Bxd3 25. Rxd8 Bxe2 26. Rxf8+ Bxf8 27. Bxd4 Bb5 28. Ra1 Nc2 29. Ra8 Nxd4 30. b4 Nxb4 31. Nb7 Bc6 32. Bxc6 Nbxc6 33. Nd6 Ne7 34. Ne8 Nd5 35. Kg2 Nf5 36. Rc8 Kh7 37. Kh3 Be7 38. Ra8 Nd4 39. Rc8 Nf5 40. Ra8 Nde3 41. Ra7 Kg8 42. Ra8 Kh7 43. Ra7 Nf1 44. Nf6+ Kg7 45. Ne8+ Kf8 46. Ra8 N1xg3 47. Nf6+ Kg7 48. Rg8+ Kh6 49. Rh8+ Kg7 50. Rh7+ Kf8 51. Rh8+ Kg7 52. Rh7+ Kf8 53. Rh8+ Kg7 1/2-1/2


[Site "https://www.chess.com"]

[Event "Titled Tuesday Blitz February 14 Late 2023"]
[White "Remolar Gallen, Jose"]
[Black "Domingo Nunez, Ruben"]
[WhiteFideId "2215187"]
[BlackFideId "22245570"]
[WhiteElo "2285"]
[BlackElo "2416"]
[Result "1-0"]
[Round "09"]
[TimeControl "180+2"]
[Date "2023.02.14"]
[WhiteClock "0:00:09"]
[BlackClock "0:00:28"]

1. d4 g6 2. e4 Bg7 3. Nc3 c6 4. f4 d5 5. e5 f6 6. Nf3 Bg4 7. h3 Bxf3 8. Qxf3 Nh6 9. Bd3 O-O 10. exf6 Bxf6 11. Ne2 e5 12. dxe5 Bxe5 13. O-O Nd7 14. Qg3 Bg7 15. Bd2 Nc5 16. Bc3 Qb6 17. Qf2 Bxc3 18. bxc3 Ne6 19. Rab1 Qxf2+ 20. Rxf2 Rf7 21. g4 Raf8 22. Rbf1 Nc5 23. Nd4 Rf6 24. g5 Rf5 25. gxh6 Rh5 26. f5 g5 27. Ne6 Nxd3 28. cxd3 Rf6 29. Rg2 Rhxh6 30. Rxg5+ Kh8 31. Kh2 Rh4 32. Rfg1 h5 33. Rg8+ Kh7 34. Nf8+ Kh6 35. R8g6+ Rxg6 36. Rxg6# 1-0


[Site "https://www.chess.com"]

[Event "Titled Tuesday Blitz February 14 Late 2023"]
[White "Jimenez Garcia, Emmanuel"]
[Black "Cruz, Jonathan"]
[WhiteFideId "6504779"]
[BlackFideId "3802124"]
[WhiteElo "2410"]
[BlackElo "2328"]
[Result "1-0"]
[Round "09"]
[TimeControl "180+2"]
[Date "2023.02.14"]
[WhiteClock "0:02:15"]
[BlackClock "0:01:04"]

1. Nf3 Nf6 2. g3 g6 3. b3 Bg7 4. Bb2 O-O 5. Bg2 d5 6. c4 c5 7. cxd5 Qxd5 8. Nc3 Qh5 9. h3 g5 10. g4 Qh6 11. d3 Qg6 12. Ne5 Bh6 13. Nxg6 1-0


[Site "https://www.chess.com"]

[Event "Titled Tuesday Blitz February 14 Late 2023"]
[White "Jovic, Stanoje"]
[Black "Han, Yichen"]
[WhiteFideId "905020"]
[BlackFideId "1054430"]
[WhiteElo "2075"]
[BlackElo "2413"]
[Result "1-0"]
[Round "09"]
[TimeControl "180+2"]
[Date "2023.02.14"]
[WhiteClock "0:00:52"]
[BlackClock "0:00:45"]

1. c4 e5 2. g3 Nc6 3. Bg2 f5 4. Nh3 Nf6 5. O-O Be7 6. Nc3 O-O 7. Nd5 d6 8. d3 Qe8 9. Rb1 a5 10. Nxc7 Qh5 11. e3 Qxd1 12. Rxd1 Rb8 13. f4 Ng4 14. Nf2 Nxf2 15. Kxf2 Bd8 16. Nb5 Be7 17. a3 Bd7 18. b4 axb4 19. axb4 Ra8 20. Bd2 Ra2 21. Nc3 Rc2 22. Nd5 Ra8 23. b5 Raa2 24. bxc6 bxc6 25. Nxe7+ Kf7 26. Bxc6 Rxd2+ 27. Rxd2 Rxd2+ 28. Ke1 Rxh2 29. Rb7 Bxc6 30. Nxc6+ Kf6 31. fxe5+ dxe5 32. Rb5 e4 33. d4 Rg2 34. Rb6 Rxg3 35. Nb4+ Kg5 36. Nd5 h5 37. Rb8 h4 38. Rh8 Rg1+ 39. Kd2 Kg4 40. c5 Rg2+ 41. Kc3 Rg1 42. Kc4 h3 43. c6 Kg3 44. c7 Rc1+ 45. Nc3 h2 46. c8=Q h1=Q 47. Qc7+ Kf2 48. Rxh1 Rxh1 49. Qf4+ Ke1 50. Qxf5 Rh8 51. Qxe4 g5 52. Qg2 Rc8+ 53. Kd3 Rxc3+ 54. Kxc3 g4 55. Kd3 g3 56. Qe2# 1-0


[Site "https://www.chess.com"]

[Event "Titled Tuesday Blitz February 14 Late 2023"]
[White "Gubajdullin, Alexei"]
[Black "Nunez V, Gustavo Eduardo"]
[WhiteFideId "4141202"]
[BlackFideId "4403690"]
[WhiteElo "2285"]
[BlackElo "2212"]
[Result "1-0"]
[Round "09"]
[TimeControl "180+2"]
[Date "2023.02.14"]
[WhiteClock "0:00:02"]
[BlackClock "0:00:01"]

1. d4 Nf6 2. Nf3 g6 3. Bf4 Bg7 4. e3 O-O 5. Be2 d6 6. O-O h6 7. h3 Nbd7 8. c4 c6 9. Nc3 Qc7 10. Bh2 b6 11. Rc1 a5 12. a3 Ba6 13. b4 axb4 14. axb4 c5 15. dxc5 bxc5 16. b5 Bb7 17. Qb3 Ra5 18. Ne1 Rfa8 19. Nc2 Ne4 20. Nxe4 Bxe4 21. Bd3 Qb7 22. f3 Bxd3 23. Qxd3 Ra2 24. Rb1 Nb6 25. Rfc1 R8a4 26. Ne1 R4a3 27. Rb3 Qa7 28. Rxa3 Rxa3 29. Qe4 Ra1 30. Rxa1 Qxa1 31. Bg3 Bf6 32. Qb7 Nxc4 33. b6 Nxb6 34. Qxb6 Bc3 35. Kf1 Kg7 36. Qb7 Bf6 37. Qd5 Qc1 38. Ke2 c4 39. Qd2 Qa3 40. Nc2 Qb2 41. Ne1 c3 42. Qc2 Qb5+ 43. Kf2 Qb2 44. Bf4 g5 45. Bg3 Qa1 46. Ke2 Qa6+ 47. Nd3 e5 48. e4 d5 49. Qxc3 dxe4 50. fxe4 Qa2+ 51. Qd2 Qc4 52. Kf3 Qb3 53. Be1 h5 54. Qc3 Qd1+ 55. Kf2 g4 56. hxg4 Qxg4 57. Kf1 Qxe4 58. Nf2 Qd5 59. Qd3 Qa2 60. Ne4 Be7 61. Bg3 Qa1+ 62. Kf2 f5 63. Bxe5+ Qxe5 64. Ng3 Bc5+ 65. Kf3 f4 66. Ne4 Be7 67. Qd7 Kg6 68. Qe8+ Kg7 69. Qd7 Kg6 70. Qe8+ Kh7 71. Qc6 Qa1 72. Qd7 1-0


[Site "https://www.chess.com"]